AA
INDIANAPOLIS INDIANS @ OMAHA STORM CHASERS
07/10/1982
 
TOP OF THE 1ST
Indianapolis Indians batting - Pitching for Omaha Storm Chasers : LHP Brad Havens
Pitching: LHP Brad Havens
Batting: LHB Elias Nava 0-0: Ball
1-0: Swinging Strike
1-1: Ball
2-1: Ball
3-1: Called Strike
3-2: Base on Balls
Batting: SHB Julio Estrada 0-0: Called Strike
0-1: Ball
1-1: Ball
2-1: Foul Ball, location: 2F
2-2: Ball
3-2: Foul Ball, location: 2F
3-2: Fly out, F9 (Flyball, 9LD, EV 100.0 MPH)
Batting: LHB Scott Radloff 0-0: Ball
1-0: Ball
Elias Nava is caught stealing 2nd base 2-6
2-0: Ball
3-0: Base on Balls
Batting: RHB Luis Gonzalez 0-0: Foul Ball, location: 2F
0-1: Foul Ball, location: 2F
0-2: Ball
1-2: Ball
2-2: Fly out, F6 (Flyball, 56D, EV 86.3 MPH)
Top of the 1st over - 0 runs, 0 hits, 0 errors, 1 left on base; Indianapolis 0 - Omaha 0
BOTTOM OF THE 1ST
Omaha Storm Chasers batting - Pitching for Indianapolis Indians : RHP Frank Pastore
Pitching: RHP Frank Pastore
Batting: RHB Jay Schellin 0-0: Ball
1-0: Foul Ball, location: 2F
1-1: Foul Ball, location: 2F
1-2: Hit by Pitch
Batting: SHB Rafael Landestoy 0-0: Called Strike
0-1: Fly out, F8 (Flyball, 8RM, EV 90.0 MPH)
Batting: RHB Don Money 0-0: Ball
1-0: Ball
2-0: Fly out, F8 (Flyball, 78D, EV 94.4 MPH)
Runner from 1st tags up, SAFE at 2nd
Batting: LHB Mike LaValliere 0-0: Ball
1-0: Foul Ball, location: 2F
1-1: Ball
2-1: Ball
3-1: Base on Balls
Batting: RHB Eddie Gates 0-0: Called Strike
0-1: Swinging Strike
0-2: Ball
1-2: Fly out, F8 (Flyball, 8LS, EV 91.3 MPH)
Bottom of the 1st over - 0 runs, 0 hits, 0 errors, 2 left on base; Indianapolis 0 - Omaha 0
TOP OF THE 2ND
Indianapolis Indians batting - Pitching for Omaha Storm Chasers : LHP Brad Havens
Batting: RHB Pat Rooney 0-0: Ground out 5-3 (Groundball, 5, EV 106.9 MPH)
Batting: RHB Robert Bonnette 0-0: Ball
1-0: Ball
2-0: Foul Ball, location: 2F
2-1: Foul Ball, location: 2F
2-2: Ball
3-2: Ground out 4-3 (Groundball, 4, EV 109.4 MPH)
Batting: LHB Roberto Ruiz 0-0: Ball
1-0: Ground out U3 (Groundball, 34, EV 86.3 MPH)
Top of the 2nd over - 0 runs, 0 hits, 0 errors, 0 left on base; Indianapolis 0 - Omaha 0
BOTTOM OF THE 2ND
Omaha Storm Chasers batting - Pitching for Indianapolis Indians : RHP Frank Pastore
Batting: LHB Donald Elliott 0-0: Called Strike
0-1: Called Strike
0-2: Ball
1-2: Ball
2-2: Ball
3-2: Fly out, F8 (Flyball, 78M, EV 76.3 MPH)
Batting: SHB Larry Bowa 0-0: Called Strike
0-1: Ground out 4-3 (Groundball, 4, EV 101.9 MPH)
Batting: RHB Mike Allport 0-0: Called Strike
0-1: Ball
1-1: Ball
2-1: Ground out 6-3 (Groundball, 6, EV 105.6 MPH)
Bottom of the 2nd over - 0 runs, 0 hits, 0 errors, 0 left on base; Indianapolis 0 - Omaha 0
TOP OF THE 3RD
Indianapolis Indians batting - Pitching for Omaha Storm Chasers : LHP Brad Havens
Batting: RHB Bill Lindsey 0-0: Swinging Strike
0-1: Called Strike
0-2: Strikes out swinging
Batting: LHB David Bertulli 0-0: Foul Ball, location: 2F
0-1: Foul Ball, location: 2F
0-2: Foul Ball, location: 2F
0-2: SINGLE (Groundball, 34D, EV 103.1 MPH)
Batting: LHB Elias Nava 0-0: Ball
1-0: Foul Ball, location: 2F
1-1: Ball
2-1: Swinging Strike
2-2: Foul Ball, location: 2F
2-2: Ball
3-2: SINGLE (Groundball, 5S, EV 67.5 MPH) (infield hit)
David Bertulli to second
Batting: SHB Julio Estrada 0-0: Grounds into double play, 4-6-3 (Groundball, 4M, EV 86.9 MPH)
Top of the 3rd over - 0 runs, 2 hits, 0 errors, 1 left on base; Indianapolis 0 - Omaha 0
BOTTOM OF THE 3RD
Omaha Storm Chasers batting - Pitching for Indianapolis Indians : RHP Frank Pastore
Batting: RHB Odie Davis 0-0: Foul Ball, location: 2F
0-1: Swinging Strike
0-2: Strikes out swinging
Batting: RHB Jay Schellin 0-0: Called Strike
0-1: Swinging Strike
0-2: Ball
1-2: Ball
2-2: Strikes out swinging
Batting: SHB Rafael Landestoy 0-0: Ball
1-0: Ball
2-0: Swinging Strike
2-1: Swinging Strike
2-2: Strikes out swinging
Bottom of the 3rd over - 0 runs, 0 hits, 0 errors, 0 left on base; Indianapolis 0 - Omaha 0
TOP OF THE 4TH
Indianapolis Indians batting - Pitching for Omaha Storm Chasers : LHP Brad Havens
Batting: LHB Scott Radloff 0-0: Ball
1-0: Called Strike
1-1: Foul Ball, location: 2F
1-2: Strikes out swinging
Batting: RHB Luis Gonzalez 0-0: Called Strike
0-1: Ball
1-1: Ball
2-1: TRIPLE (Flyball, 89XD, EV 95.0 MPH)
Pinch Runner at 3rd Jose Oppenheimer:
Batting: RHB Pat Rooney 0-0: Ball
1-0: Called Strike
1-1: SINGLE (Groundball, 6D, EV 96.3 MPH)
Jose Oppenheimer scores
Batting: RHB Robert Bonnette 0-0: Called Strike
0-1: Ball
1-1: Ball
2-1: SINGLE (Line Drive, 7LS, EV 110.6 MPH)
Pat Rooney to second
Batting: LHB Roberto Ruiz 0-0: Ball
1-0: Called Strike
1-1: Foul Ball, location: 2F
1-2: Ball
2-2: Ball
3-2: Reached on error, E1 (Groundball, 13S, EV 61.3 MPH)
Pat Rooney to third
Robert Bonnette to second
Batting: RHB Bill Lindsey 0-0: Called Strike
0-1: Ball
1-1: DOUBLE (Flyball, 8RXD, EV 101.9 MPH)
Pat Rooney scores
Robert Bonnette scores
Roberto Ruiz to third
Runner from 3rd tries for Home, SAFE, throw by CF to home
Batting: LHB David Bertulli 0-0: Ball
1-0: Ball
2-0: Foul Ball, location: 2F
2-1: Ball
3-1: Called Strike
3-2: Foul Ball, location: 2F
3-2: Strikes out swinging
Batting: LHB Elias Nava 0-0: Called Strike
0-1: Ball
1-1: Ball
2-1: Swinging Strike
2-2: Strikes out looking
Top of the 4th over - 4 runs, 4 hits, 1 error, 1 left on base; Indianapolis 4 - Omaha 0
BOTTOM OF THE 4TH
Omaha Storm Chasers batting - Pitching for Indianapolis Indians : RHP Frank Pastore
Batting: RHB Don Money 0-0: Ball
1-0: Ball
2-0: Called Strike
2-1: Ball
3-1: Fly out, F4 (Line Drive, 4, EV 69.4 MPH)
Batting: LHB Mike LaValliere 0-0: Foul Ball, location: 2F
0-1: Foul Ball, location: 2F
0-2: Ball
1-2: Foul Ball, location: 2F
1-2: Strikes out swinging
Batting: RHB Eddie Gates 0-0: Called Strike
0-1: Ball
1-1: Ball
2-1: Foul Ball, location: 2F
2-2: Strikes out looking
Bottom of the 4th over - 0 runs, 0 hits, 0 errors, 0 left on base; Indianapolis 4 - Omaha 0
TOP OF THE 5TH
Indianapolis Indians batting - Pitching for Omaha Storm Chasers : LHP Brad Havens
Batting: SHB Julio Estrada 0-0: Fly out, F9 (Flyball, 89D, EV 81.3 MPH)
Batting: LHB Scott Radloff 0-0: Foul Ball, location: 2F
0-1: Ball
1-1: Swinging Strike
1-2: Foul Ball, location: 2F
1-2: Foul Ball, location: 2F
1-2: Ball
2-2: Ball
3-2: Foul Ball, location: 2F
3-2: Foul Ball, location: 2F
3-2: Fly out, F8 (Flyball, 8LXD, EV 96.9 MPH)
Batting: RHB Jose Oppenheimer 0-0: Ball
1-0: Ball
2-0: Ball
3-0: Called Strike
3-1: Base on Balls
Batting: RHB Pat Rooney 0-0: Called Strike
0-1: Ball
1-1: Foul Ball, location: 2F
1-2: Ball
2-2: Ground out 4-3 (Groundball, 4, EV 103.1 MPH)
Top of the 5th over - 0 runs, 0 hits, 0 errors, 1 left on base; Indianapolis 4 - Omaha 0
BOTTOM OF THE 5TH
Omaha Storm Chasers batting - Pitching for Indianapolis Indians : RHP Frank Pastore
Batting: LHB Donald Elliott 0-0: Ball
1-0: Called Strike
1-1: Foul Ball, location: 2F
1-2: Ball
2-2: Foul Ball, location: 2F
2-2: Fly out, F8 (Flyball, 8RD, EV 80.6 MPH)
Batting: SHB Larry Bowa 0-0: Ball
1-0: Fly out, F9 (Flyball, 89S, EV 76.3 MPH)
Batting: RHB Mike Allport 0-0: Ball
1-0: Foul Ball, location: 2F
1-1: Foul Ball, location: 2F
1-2: Ground out 4-3 (Groundball, 4, EV 100.6 MPH)
Bottom of the 5th over - 0 runs, 0 hits, 0 errors, 0 left on base; Indianapolis 4 - Omaha 0
TOP OF THE 6TH
Indianapolis Indians batting - Pitching for Omaha Storm Chasers : LHP Brad Havens
Batting: RHB Robert Bonnette 0-0: Called Strike
0-1: Foul Ball, location: 2F
0-2: Strikes out looking
Batting: LHB Roberto Ruiz 0-0: SINGLE (Line Drive, 78M, EV 111.9 MPH)
Batting: RHB Bill Lindsey 0-0: Fly out, F8 (Flyball, 8LD, EV 98.8 MPH)
Batting: LHB David Bertulli 0-0: Called Strike
0-1: Ball
1-1: Ball
2-1: Foul Ball, location: 2F
2-2: Ground out 4-3 (Groundball, 4, EV 104.4 MPH)
Top of the 6th over - 0 runs, 1 hit, 0 errors, 1 left on base; Indianapolis 4 - Omaha 0
BOTTOM OF THE 6TH
Omaha Storm Chasers batting - Pitching for Indianapolis Indians : RHP Frank Pastore
Batting: RHB Odie Davis 0-0: Ball
1-0: Called Strike
1-1: Foul Ball, location: 2F
1-2: Foul Ball, location: 2F
1-2: Ground out 4-3 (Groundball, 4, EV 105.0 MPH)
Batting: RHB Jay Schellin 0-0: Foul Ball, location: 2F
0-1: Ball
1-1: Ball
2-1: Ball
3-1: Foul Ball, location: 2F
3-2: Base on Balls
Batting: SHB Rafael Landestoy 0-0: Ball
Jay Schellin steals 2nd base
1-0: Foul Ball, location: 2F
1-1: Ground out U3 (Groundball, 3, EV 88.1 MPH)
Jay Schellin to third
Batting: RHB Don Money 0-0: Ball
1-0: Called Strike
1-1: Called Strike
1-2: Fly out, F8 (Flyball, 8RS, EV 86.3 MPH)
Bottom of the 6th over - 0 runs, 0 hits, 0 errors, 1 left on base; Indianapolis 4 - Omaha 0
TOP OF THE 7TH
Indianapolis Indians batting - Pitching for Omaha Storm Chasers : LHP Brad Havens
Batting: LHB Elias Nava 0-0: Foul Ball, location: 2F
0-1: Ball
1-1: Ball
2-1: Foul Ball, location: 2F
2-2: Ball
3-2: SINGLE (Line Drive, 78S, EV 91.3 MPH)
Batting: SHB Julio Estrada 0-0: Ball
1-0: Sac Bunt to 15S - play at first, batter OUT! 1-3
Elias Nava to second
Batting: LHB Scott Radloff 0-0: Called Strike
0-1: Called Strike
0-2: Ball
1-2: Strikes out swinging
Batting: RHB Jose Oppenheimer 0-0: Ball
1-0: Ground out U3 (Groundball, 3, EV 106.9 MPH)
Top of the 7th over - 0 runs, 1 hit, 0 errors, 1 left on base; Indianapolis 4 - Omaha 0
BOTTOM OF THE 7TH
Omaha Storm Chasers batting - Pitching for Indianapolis Indians : RHP Frank Pastore
Batting: LHB Mike LaValliere 0-0: Ball
1-0: Ball
2-0: Ball
3-0: Base on Balls
Batting: RHB Eddie Gates 0-0: Ball
1-0: Called Strike
1-1: Swinging Strike
1-2: Foul Ball, location: 2F
1-2: Strikes out swinging
Batting: LHB Donald Elliott 0-0: Ground out 5-3 (Groundball, 56, EV 85.0 MPH)
Mike LaValliere to second
Batting: SHB Larry Bowa 0-0: Called Strike
0-1: Ball
1-1: Foul Ball, location: 2F
1-2: Fly out, F4 (Line Drive, 4, EV 63.8 MPH)
Bottom of the 7th over - 0 runs, 0 hits, 0 errors, 1 left on base; Indianapolis 4 - Omaha 0
TOP OF THE 8TH
Indianapolis Indians batting - Pitching for Omaha Storm Chasers : LHP Brad Havens
Batting: RHB Pat Rooney 0-0: Ball
1-0: Called Strike
1-1: Ball
2-1: Fly out, F6 (Flyball, 56D, EV 84.4 MPH)
Batting: RHB Robert Bonnette 0-0: Ball
1-0: Called Strike
1-1: Ground out 4-3 (Groundball, 4, EV 91.3 MPH)
Batting: LHB Roberto Ruiz 0-0: Foul Ball, location: 2F
0-1: Fly out, F8 (Flyball, 8RD, EV 75.0 MPH)
Top of the 8th over - 0 runs, 0 hits, 0 errors, 0 left on base; Indianapolis 4 - Omaha 0
BOTTOM OF THE 8TH
Omaha Storm Chasers batting - Pitching for Indianapolis Indians : RHP Frank Pastore
Batting: RHB Mike Allport 0-0: Called Strike
0-1: Ball
1-1: Foul Ball, location: 2F
1-2: Ball
2-2: Foul Ball, location: 2F
2-2: Ball
3-2: Base on Balls
Batting: RHB Odie Davis 0-0: Ball
1-0: Swinging Strike
1-1: Ball
2-1: Ball
3-1: Foul Ball, location: 2F
3-2: Base on Balls
Mike Allport to second
Batting: RHB Jay Schellin 0-0: Ball
1-0: Called Strike
1-1: Swinging Strike
1-2: Foul Ball, location: 2F
1-2: Ball
2-2: Ball
Wild Pitch!
Mike Allport to third
Odie Davis to second
3-2: Foul Ball, location: 2F
3-2: Ground out U3 (Groundball, 3, EV 103.1 MPH)
Batting: SHB Rafael Landestoy 0-0: Called Strike
0-1: Swinging Strike
0-2: Strikes out swinging
Batting: RHB Don Money 0-0: Ball
1-0: Called Strike
1-1: Ball
2-1: SINGLE (Groundball, 56D, EV 95.0 MPH)
Mike Allport scores
Odie Davis to third
Runner from 3rd tries for Home, SAFE, throw by LF to home
Batting: LHB Mike LaValliere 0-0: Swinging Strike
0-1: Ball
1-1: Called Strike
1-2: Strikes out swinging
Bottom of the 8th over - 2 runs, 1 hit, 0 errors, 1 left on base; Indianapolis 4 - Omaha 2
TOP OF THE 9TH
Indianapolis Indians batting - Pitching for Omaha Storm Chasers : LHP Brad Havens
Batting: RHB Bill Lindsey 0-0: Called Strike
0-1: Foul Ball, location: 2F
0-2: Ground out 4-3 (Groundball, 4, EV 81.3 MPH)
Batting: LHB David Bertulli 0-0: Called Strike
0-1: Ball
1-1: Foul Ball, location: 2F
1-2: SINGLE (Groundball, 34D, EV 103.8 MPH)
Batting: LHB Elias Nava 0-0: Ball
1-0: Foul Ball, location: 2F
1-1: Foul Ball, location: 2F
1-2: Ball
2-2: Fly out, F7 (Line Drive, 7, EV 94.4 MPH)
Batting: SHB Julio Estrada 0-0: Ball
1-0: Ball
2-0: Ball
3-0: Called Strike
3-1: Base on Balls
David Bertulli to second
Batting: LHB Scott Radloff 0-0: Ball
1-0: Ball
2-0: Called Strike
2-1: Foul Ball, location: 2F
2-2: Foul Ball, location: 2F
2-2: Strikes out looking
Top of the 9th over - 0 runs, 1 hit, 0 errors, 2 left on base; Indianapolis 4 - Omaha 2
BOTTOM OF THE 9TH
Omaha Storm Chasers batting - Pitching for Indianapolis Indians : RHP Frank Pastore
Pitching: LHP Lee Guetterman
Batting: RHB Eddie Gates 0-0: Ball
1-0: Called Strike
1-1: Called Strike
1-2: Ball
2-2: Foul Ball, location: 2F
2-2: SINGLE (Groundball, P, EV 83.1 MPH) (infield hit)
Pinch Hitting: RHB Al Minker 0-0: Foul Ball, location: 2F
0-1: Ball
1-1: Ball
2-1: Grounds into double play, 6-4-3 (Groundball, 6, EV 98.8 MPH)
Batting: SHB Larry Bowa 0-0: SINGLE (Groundball, 25, EV 75.0 MPH) (infield hit)
Batting: RHB Mike Allport 0-0: Foul Ball, location: 2F
0-1: Ball
1-1: Ground out 5-3 (Groundball, 15, EV 90.6 MPH)
Bottom of the 9th over - 0 runs, 2 hits, 0 errors, 1 left on base; Indianapolis 4 - Omaha 2
Thursday, August 13th, 2020 - OOTP Baseball 21.5 Build 76